 Dungeon Crawl Stone Soup version 0.30.0-29-ga12c61a403 (webtiles) character file.

Game seed: 16186800732545642937

0 ChadusMaximus the Caller (level 1, 0/13 HPs)
             Began as a Barachi Summoner on June 23, 2023.
             Killed from afar by a dart slug (4 damage)
             ... with a slug dart
             ... on level 1 of the Dungeon.
             The game lasted 00:00:18 (106 turns).

ChadusMaximus the Caller (Barachi Summoner)          Turns: 106, Time: 00:00:19

Health: 0/13       AC:  2    Str:  9    XL:     1   Next: 10%
Magic:  2/3        EV: 12    Int: 15    God:
Gold:   10         SH:  0    Dex: 12    Spells: 3/4 levels left

rFire   . . .        d - +0 short sword
rCold   . . .        (no shield)
rNeg    . . .        a - +0 robe
rPois   .            (no helmet)
rElec   .            (no cloak)
rCorr   .            (no gloves)
SInv    .            (no boots)
Will    .....        (no amulet)
Stlth   ++           (no ring)
HPRegen 0.22/turn    (no ring)
MPRegen 0.08/turn

%: no passive effects
@: slow
A: amphibious, slowness 1, strong legs 1, +LOS
a: Hop


You were on level 1 of the Dungeon.
You visited 1 branch of the dungeon, and saw 1 of its levels.

You collected 10 gold pieces.

Inventory:

Hand Weapons
 d - a +0 short sword (weapon)
Armour
 a - a +0 robe (worn)
Potions
 b - a potion of magic
 c - a potion of attraction {unknown}


   Skills:
 + Level 2.2 Dodging
 + Level 1.7 Stealth
 + Level 2.2 Spellcasting
 + Level 4.8 Summonings


You had 3 spell levels left.
You knew the following spells:

 Your Spells              Type           Power      Damage    Failure   Level
a - Summon Small Mammal   Summ           64%        N/A       3%          1

Your spell library contained the following spells:

 Spells                   Type           Power      Damage    Failure   Level
 Call Imp                 Summ           32%        N/A       4%          2
 Call Canine Familiar     Summ           16%        N/A       9%          3
 Summon Guardian Golem    Hex/Summ       8%         N/A       24%         3
 Summon Lightning Spire   Summ/Air       8%         N/A       63%         4


Dungeon Overview and Level Annotations

Branches:
Dungeon (1/15)

Altars:


Innate Abilities, Weirdness & Mutations

You are amphibious.
You cover ground slowly.
You can hop short distances.
You have an extended range of vision and can be seen from far away.


Message History

Your rat closely misses the giant cockroach.
The giant cockroach bites you but does no damage.
Your bat hits the giant cockroach but does no damage.
You closely miss the giant cockroach.
The giant cockroach is severely wounded.
Your bat hits the giant cockroach but does no damage.
The giant cockroach bites you.
Your rat barely misses the giant cockroach.
The dart slug closely misses your rat.
You hit the giant cockroach but do no damage.
The giant cockroach is severely wounded.
The giant cockroach bites you but does no damage.
Your rat barely misses the giant cockroach.
Your bat completely misses the giant cockroach.
The dart slug bites your rat.
Your rat dies!
Your rat's corpse disappears in a puff of smoke!
You barely miss the giant cockroach.
The giant cockroach is severely wounded.
Your bat barely misses the giant cockroach.
The giant cockroach bites you but does no damage.
You closely miss the giant cockroach.
The giant cockroach is severely wounded.
Your bat barely misses the giant cockroach.
The giant cockroach misses you.
The giant cockroach bites you but does no damage.
You barely miss the giant cockroach.
The giant cockroach is severely wounded.
Your bat hits the giant cockroach but does no damage.
The giant cockroach bites you.
You hit the giant cockroach but do no damage.
The giant cockroach is severely wounded.
Your bat hits the dart slug but does no damage.
The giant cockroach closely misses you.
You hit the giant cockroach but do no damage.
The giant cockroach is severely wounded.
The giant cockroach closely misses you. The dart slug launches a dart at you.
The slug dart hits you.
You die...

#.###.......#
#.# #.......# .#
#.# #.......#
...#.# #.......#
#.....##.......#
#............##
##.............
#####..........
#.# #@.#######.
#....##Bw.......
#.....b......
####.........
#.........
#.........
#.........
.........#
#####..#.#


You could see a dart slug, a giant cockroach (ally target) and a friendly bat
(summoned).

Vanquished Creatures (collateral kills)
  A kobold (D:1)
1 creature vanquished.

Notes
Turn   | Place    | Note
-------+----------+-------------------------------------------
     0 | D:1      | ChadusMaximus the Barachi Summoner began the quest for the
                  | Orb.
     0 | D:1      | Reached XP level 1. HP: 13/13 MP: 3/3
   106 | D:1      | Killed from afar by a dart slug

Illustrated notes

Levels and vault maps discovered:
D:1:      dpeg_arrival_fog, layout_rooms,
          dreamdust_ecumenical_altar_angels_and_demons,
          amcnicky_mini_rare_corridor_liquid, st_stairs_4, solitary_fountain

Action                     || total
---------------------------++-------
  Melee: Short sword       ||    17
         Unarmed           ||     2
   Cast: Summon Small Mamm ||     4
 Armour: Robe              ||     8
  Dodge: Dodged            ||    15
